 Dungeon Crawl Stone Soup version 0.28-a0-1395-g4f6bc678fa (webtiles) character file.

Game seed: 9490076592358153870

49 Delamore the Poker (level 4, -3/35 HPs)
             Began as a Formicid Fighter on Jan 4, 2022.
             Slain by a kobold (18 damage)
             ... on level 2 of the Dungeon.
             The game lasted 00:01:08 (1215 turns).

Delamore the Poker (Formicid Fighter)               Turns: 1215, Time: 00:01:08

Health: -3/35      AC:  8    Str: 23    XL:     4   Next: 1%
Magic:  4/4        EV:  9    Int:  7    God:
Gold:   37         SH:  4    Dex: 10    Spells: 3/3 levels left

rFire   . . .      SeeInvis +   j - +0 short sword (elec)
rCold   . . .      Faith    .   c - +0 buckler
rNeg    . . .      Spirit   .   b - +0 scale mail
rPois   .          Reflect  .   (helmet unavailable)
rElec   .          Harm     .   (no cloak)
rCorr   .          Rampage  .   (no gloves)
Will    .....                   e - +0 pair of boots
Stlth   ..........              (no amulet)
HPRegen 0.11/turn               (no ring)
MPRegen 0.09/turn               (no ring)

@: no status effects
A: permanent stasis, dig shafts and tunnels, antennae 3, four strong arms
a: Dig, Shaft Self


You were on level 2 of the Dungeon.
You visited 1 branch of the dungeon, and saw 2 of its levels.

You collected 37 gold pieces.

Inventory:

Hand Weapons
 a - a +1 trident
 j - a +0 short sword of electrocution (weapon)
Missiles
 f - 14 poisoned darts
Armour
 b - a +0 scale mail (worn)
 c - a +0 buckler (worn)
 e - a +0 pair of boots (worn)
Scrolls
 h - 2 scrolls of enchant weapon
Potions
 d - a potion of might
 g - a potion of flight
 i - a potion of haste {unknown}


   Skills:
 - Level 3.2 Fighting
 + Level 4.0 Polearms
 - Level 3.2 Armour
 - Level 3.6 Shields


You had 3 spell levels left.
You didn't know any spells.
Your spell library was empty.

Dungeon Overview and Level Annotations

Branches:
Dungeon (2/15)

Altars:


Innate Abilities, Weirdness & Mutations

You cannot be hasted, slowed, berserked, paralysed or teleported.
You can dig through walls and to a lower floor.
You have a pair of large antennae on your head. (SInv)
Your four strong arms can wield two-handed weapons with a shield.


Message History

No target in view!
No target in view!
No target in view!
No target in view!
No target in view!
No target in view!
No target in view!
No target in view!
No target in view!
No target in view!
Things that are here:
a +0 dagger; a goblin corpse You now have 33 gold pieces (gained 16).
h - 2 scrolls of enchant weapon (gained 1)
You now have 37 gold pieces (gained 4).
An endoplasm comes into view.
The endoplasm quivers.
An endoplasm is nearby!
The endoplasm hits you but does no damage.
You barely miss the endoplasm. The endoplasm freezes you.
You are frozen.
You hit the endoplasm.
You kill the endoplasm!
Your Polearms skill increases to level 4!
You have reached level 4!
You feel stronger.
You sense a monster nearby.
A kobold comes into view.
It is wielding a +2 short sword of electrocution.
The kobold shouts!
A kobold is nearby!
The kobold hits you but does no damage.
You hit the kobold but do no damage. You block the kobold's attack.
You barely miss the kobold. The kobold hits you but does no damage.
You are electrocuted!
You closely miss the kobold.
The kobold hits you with a +2 short sword of electrocution.
You are electrocuted!!
Ouch! That really hurt!
You die...

...........#####
...............#
.......#.......#
..####.#.......#
..# #.#.......#
..#
#.############
..# #.# #.. ###
#.# #K# #.#
#@##### #.#
#.....# #.#
#####.# #.# #.#
#.# #.# #.# #.#
#.#############.#
#...............#
#################


You could see a kobold.

Vanquished Creatures
  An adder (D:2)
  2 bats (D:1)
  6 endoplasms
  2 giant cockroaches (D:2)
  5 goblins
  2 hobgoblins
  3 jackals (D:1)
  3 quokkas (D:1)
  5 ball pythons
  4 frilled lizards
  A kobold (D:2)
  A rat (D:1)
35 creatures vanquished.

Notes
Turn   | Place    | Note
-------+----------+-------------------------------------------
     0 | D:1      | Delamore the Formicid Fighter began the quest for the Orb.
     0 | D:1      | Reached XP level 1. HP: 18/18 MP: 1/1
   115 | D:1      | Reached XP level 2. HP: 9/24 MP: 2/2
   345 | D:1      | Reached skill level 3 in Polearms
   422 | D:1      | Reached XP level 3. HP: 27/29 MP: 3/3
   916 | D:2      | Found a faded altar of an unknown god.
  1185 | D:2      | Reached skill level 4 in Polearms
  1185 | D:2      | Reached XP level 4. HP: 32/35 MP: 4/4
  1215 | D:2      | Slain by a kobold

Illustrated notes

Levels and vault maps discovered:
D:1:      amcnicky_arrival_abandoned_market, layout_rooms
D:2:      layout_basic, chequers_ecumenical_altar_island

Skill      XL: |  1  2  3 |
---------------+----------+-----
Polearms       | 3 4 |  4.0
Fighting       | |  3.2
Armour         | |  3.2
Shields        | |  3.6

Action                   |  1- 3 |  4- 6 || total
-------------------------+-------+-------++-------
Melee: Trident           |    80 |       ||    80
       Short sword       |    10 |     3 ||    13
  Use: Scroll            |     2 |       ||     2
Armor: Scale mail        |    42 |     2 ||    44
Dodge: Dodged            |    54 |       ||    54
Block: Buckler           |    14 |     1 ||    15

Table legend: (Time is in decaauts)
 A = Elapsed time spent in this place.
 B = Non-inter-level travel time spent in this place.
 C = Inter-level travel time spent in this place.
 D = Time resting spent in this place.
 E = Time spent auto-exploring this place.
 F = Levels seen in this place.
 G = Mean time per level.
                   A        B        C        D        E       F      G
               +--------+--------+--------+--------+--------+-----+--------+
         Total |   1229 |   1203 |     26 |    186 |    794 |   2 |  614.5 |
       Dungeon |   1229 |   1203 |     26 |    186 |    794 |   2 |  614.5 |
               +--------+--------+--------+--------+--------+-----+--------+

Top non-repeatable levels by time:
     D:1: 783 daAuts
     D:2: 445 daAuts
